 Dungeon Crawl Stone Soup version 0.32-a0-928-g1cae6b7ea0 (webtiles) character file.

Game seed: 17207199153328769139

76 Maxmaps the Sneak (level 4, -4/31 HPs)
             Began as an Octopode Monk on Apr 12, 2024.
             Slain by a goblin
             ... wielding a +0 club
             ... led by Robin
              (7 damage)
             ... on level 2 of the Dungeon.
             The game lasted 00:01:34 (1898 turns).

Maxmaps the Sneak (Octopode Monk)                   Turns: 1898, Time: 00:01:35

Health: -4/31      AC:  1    Str: 10    XL:     4   Next: 32%
Magic:  4/4        EV: 13    Int: 14    God:
Gold:   28         SH:  0    Dex: 14    Spells: 3/3 levels left

rFire   . .          .
                       - Unarmed
rCold   . . .        (no shield)
rNeg    . . .        (helmet restricted)
rPois   .            (no amulet)
rElec   .            (no ring)
rCorr   .            (no ring)
SInv    .            (no ring)
Will    .....        (no ring)
Stlth   ++           (no ring)
HPRegen 0.25/turn    (no ring)
MPRegen 0.09/turn    (no ring)
                     (no ring)

%: no passive effects
@: confused, ambrosia-drunk
A: almost no armour, amphibious, 8 rings, camouflage 1, gelatinous body 1,
(nimble swimmer 1), tentacles
a: no special abilities


You were on level 2 of the Dungeon.
You visited 1 branch of the dungeon, and saw 3 of its levels.

You collected 28 gold pieces.

Inventory:

Armour
 b - an orb of light
Scrolls
 c - a scroll of silence {unknown}
 e - 2 scrolls of vulnerability {unknown}
 i - 2 scrolls of identify {unknown}
 j - 3 scrolls of immolation {unknown}
Potions
 d - a potion of curing {unknown}
 f - 3 potions of brilliance {unknown}
 g - a potion of might {unknown}
 h - a potion of heal wounds {unknown}
 k - a potion of invisibility {unknown}


   Skills:
 - Level 3.0 Fighting
 - Level 3.0 Dodging
 - Level 4.0 Stealth
 + Level 4.0 Unarmed Combat


You had 3 spell levels left.
You didn't know any spells.
Your spell library contained the following spells:

 Spells                   Type           Power      Damage    Failure   Level
 Sting                    Conj/Alch      0%         1d3       28%         1
 Mercury Vapours          Alch/Air       0%         N/A       41%         2
 Olgreb's Toxic Radiance  Alch           0%         N/A       96%         4


Dungeon Overview and Level Annotations

Branches:
Dungeon (3/15)

Altars:

Shops:
D:2 [

Annotations:
D:3 Robin


Innate Abilities, Weirdness & Mutations

You cannot wear most types of armour.
You are amphibious.
You can wear up to eight rings at the same time.
Your skin changes colour to match your surroundings (Stealth+).
Your rubbery body absorbs attacks. (AC +1, EV +1)
((You are camouflaged when in or above water. (Stealth+)))
You have tentacles for arms and can constrict up to eight enemies at once.


Message History

You climb downwards.
Level annotation: Robin The hobgoblin shouts!
The goblin barely misses you.
The goblin unwields a +0 sling.
The goblin wields a +0 club.
The goblin hits you with a +0 club.
Robin says, "Bow before me, strongest of all the hobgoblins!"
Robin throws the goblin at you! The goblin hits you with a +0 dagger.
The goblin completely misses you. The goblin closely misses you.
There is a stone staircase leading up here.
Unknown command.
The goblin misses you. The goblin closely misses you.
The goblin hits you with a +0 club. The hobgoblin hits you.
The goblin closely misses you.
Robin roars a battlecry!
The goblins go into a battle-frenzy!
The goblin closely misses you.
You climb upwards.
There is a stone staircase leading down here.
You tentacle-slap the goblin but do no damage.
You grab the goblin. You squeeze the goblin.
The goblin is severely wounded.
You constrict the goblin.
You kill the goblin!
The goblin misses you. The goblin hits you with a +0 dagger.
The hobgoblin misses you. The goblin closely misses you.
You are too injured to fight recklessly!
You are too injured to fight recklessly!
You are too injured to fight recklessly!
You closely miss the goblin. You grab the goblin. You constrict the goblin.
You kill the goblin!
The goblin completely misses you. The hobgoblin hits you.
The goblin hits you with a +0 club.
* * * LOW HITPOINT WARNING * * *
The goblin hits you with a +0 dagger.
* * * LOW HITPOINT WARNING * * *
You are confused.
You feel invigorated. The goblin hits you with a +0 club.
* * * LOW HITPOINT WARNING * * *
The hobgoblin misses you. The goblin hits you with a +0 club!
You die...

......###..#.......######
........................#
...........^###########.#
............# #.#
............###########.#
......####..#....##.....#
........<##÷#.##.##.#####
.####.#........).g#.# ##
#.#.###...÷)@g#.#
#.#.#.#.#.#gg)..#
#####.#.#.#.#.###)..#
#.........#.#.......#
#.###.....#.######..#### ..#
#.#####.##.........# ###
#.#.....##.#######.#
#.#.###.........##.#########
#
#.#.###.##.####.##.........#


You could see a hobgoblin (strong) and 3 goblins.

Vanquished Creatures
  An adder (D:2)
  2 dart slugs
  A ribbon worm (D:2)
  4 ball pythons
  A bat (D:2)
  3 endoplasms
  A giant cockroach (D:1)
  8 goblins
  6 hobgoblins
  3 jackals (D:2)
  8 kobolds
  2 quokkas
  11 frilled lizards
  5 rats
56 creatures vanquished.

Notes
Turn   | Place    | Note
-------+----------+-------------------------------------------
     0 | D:1      | Maxmaps the Octopode Monk began the quest for the Orb.
     0 | D:1      | Reached XP level 1. HP: 16/16 MP: 1/1
    19 | D:1      | Reached skill level 1 in Stealth
   221 | D:1      | Reached XP level 2. HP: 21/21 MP: 2/2
   623 | D:1      | Reached XP level 3. HP: 21/26 MP: 3/3
  1304 | D:2      | Found Macisit's Armour Emporium.
  1358 | D:2      | Reached XP level 4. HP: 12/31 MP: 4/4
  1858 | D:3      | Noticed Robin
  1898 | D:2      | Slain by a goblin

Illustrated notes

Levels and vault maps discovered:
D:1:      dpeg_arrival_chambers_temple_mockup, layout_basic,
          minmay_misc_feat_secret_circle, roderic_roman_lattice,
          minmay_lizard_pond
D:2:      layout_basic, serial_shops, shop
D:3:      cheibrodos_helix_gallery, layout_rooms, serial_shops,
          nicolae_lakefront_shop, hellmonk_ecumenical_altar_defaced_shrine,
          chequers_serial_rivers_micro_d, uniq_robin

Skill      XL: |  1  2  3  4 |
---------------+-------------+-----
Stealth        | 2 3 4 |  4.0
Unarmed Combat | 4 |  4.0
Fighting       | |  3.0
Dodging        | |  3.0

Action                     |  1- 3 |  4- 6 || total
---------------------------+-------+-------++-------
  Melee: Unarmed           |    70 |    21 ||    91
         Constrict         |    24 |     9 ||    33
         Tentacles         |    20 |     6 ||    26
         Punch             |     2 |       ||     2
    Use: Potion            |       |     1 ||     1
   Stab: Sleeping          |     4 |     2 ||     6
         Distracted        |     1 |     1 ||     2
 Armour: Skin              |    27 |    18 ||    45
  Dodge: Dodged            |    50 |    27 ||    77

Table legend: (Time is in decaauts)
 A = Elapsed time spent in this place.
 B = Non-inter-level travel time spent in this place.
 C = Inter-level travel time spent in this place.
 D = Time resting spent in this place.
 E = Time spent auto-exploring this place.
 F = Levels seen in this place.
 G = Mean time per level.
                   A        B        C        D        E       F      G
               +--------+--------+--------+--------+--------+-----+--------+
         Total |   1893 |   1836 |     57 |     63 |   1486 |   3 |  631.0 |
       Dungeon |   1893 |   1836 |     57 |     63 |   1486 |   3 |  631.0 |
               +--------+--------+--------+--------+--------+-----+--------+

Top non-repeatable levels by time:
     D:1: 984 daAuts
     D:2: 891 daAuts
     D:3: 17 daAuts
